 Dungeon Crawl Stone Soup version 0.28.0 (webtiles) character file.

Game seed: 2127383098845387681

31 Descartes the Shield-Bearer (level 3, -2/29 HPs)
             Began as a Formicid Fighter on Feb 6, 2022.
             Was an Initiate of Ashenzari.
             Succumbed to an adder's poison
             ... on level 1 of the Dungeon.
             The game lasted 00:02:44 (1309 turns).

Descartes the Shield-Bearer (Formicid Fighter)      Turns: 1309, Time: 00:02:45

Health: -2/29      AC:  9    Str: 20    XL:     3   Next: 40%
Magic:  3/3        EV:  7    Int:  9    God:    Ashenzari [......]
Gold:   44         SH:  4    Dex: 10    Spells: 2/2 levels left

rFire   . . .      SeeInvis +   a - +0 war axe
rCold   . . .      Faith    .   c - +0 buckler
rNeg    . . .      Spirit   .   e - +0 chain mail
rPois   .          Reflect  .   (helmet unavailable)
rElec   .          Harm     .   (no cloak)
rCorr   .          Rampage  .   (no gloves)
Will    .....                   (no boots)
Stlth   ..........              (no amulet)
HPRegen 0.09/turn               (no ring)
MPRegen 0.08/turn               (no ring)

@: lethally poisoned (-2 -> -10)
A: permanent stasis, dig shafts and tunnels, antennae 3, four strong arms
a: Dig, Shaft Self, Renounce Religion, Curse Item


You were on level 1 of the Dungeon.
You worshipped Ashenzari.
Ashenzari was noncommittal.
You visited 1 branch of the dungeon, and saw 2 of its levels.

You collected 44 gold pieces.

Inventory:

Hand Weapons
 a - a +0 war axe (weapon)
Armour
 c - a +0 buckler (worn)
 e - a +0 chain mail (worn)
Scrolls
 f - a scroll of summoning {unknown}
 g - a scroll of identify {unknown}
 h - a scroll of holy word {unknown}
Potions
 d - a potion of might
 i - a potion of curing {unknown}


   Skills:
 - Level 3.2 Fighting
 - Level 2.0 Axes
 - Level 3.2 Armour
 + Level 4.5 Shields
 + Level 1.5 Translocations


You had 2 spell levels left.
You didn't know any spells.
Your spell library contained the following spells:

 Spells                   Type           Power      Damage    Failure   Level
 Freezing Cloud           Conj/Ice/Air   0%         6-21      100%        5
 Simulacrum               Ice/Necr       0%         N/A       100%        6
 Polar Vortex             Ice            0%         N/A       100%        9


Dungeon Overview and Level Annotations

Branches:
Dungeon (2/15)

Altars:
Ashenzari
Zin


Innate Abilities, Weirdness & Mutations

You cannot be hasted, slowed, berserked, paralysed or teleported.
You can dig through walls and to a lower floor.
You have a pair of large antennae on your head. (SInv)
Your four strong arms can wield two-handed weapons with a shield.


Message History

The adder is lightly wounded.
The adder bites you.
* * * LOW HITPOINT WARNING * * *
The adder barely misses you.
You miss the adder.
The adder is lightly wounded.
The adder bites you but does no damage. The gnoll hits you but does no damage.
You block the adder's attack. The adder bites you but does no damage.
The adder barely misses you. The adder closely misses you.
The adder closely misses you. The adder bites you but does no damage.
The adder bites you but does no damage.
There is a stone staircase leading up here.
You block the adder's attack.
You climb upwards.
There is a stone staircase leading down here.
You miss the adder. The adder bites you but does no damage.
The adder completely misses you.
You hit the adder but do no damage.
The adder bites you but does no damage. x2
You closely miss the adder. You block the adder's attack.
The adder bites you but does no damage.
You barely miss the adder. The adder bites you but does no damage.
The adder barely misses you.
You closely miss the adder. The adder closely misses you.
You miss the adder. The adder barely misses you.
The adder bites you but does no damage.
You miss the adder. The adder completely misses you. The adder bites you.
* * * LOW HITPOINT WARNING * * *
You barely miss the adder. The adder barely misses you. x2
You hit the adder.
The adder is heavily wounded.
The adder barely misses you. The adder bites you.
* * * LOW HITPOINT WARNING * * *
You are lethally poisoned!
The adder poisons you!
You closely miss the adder.
The adder is heavily wounded.
You die...

#.........# #...†........
#.###.###.# #.##...#####.
#.# #.# #.# #.#........[.
#.#
#.###.####.##...#.###.
#.# #..........###.##.#
#. #.# #####.######
#.##.# #. #.# #.#
#.##.#### #.#######.#
#.##..... #.......S@#
#.####### ########### #.#
#.# ### ######### #####.#
##.## #.......#
#...#.###...# #.#####.#
#............ #.# #.#
#...#.###...#
#.#####.#####......###.##
#.##..........#.....####


You could see an adder.

Vanquished Creatures
  2 dart slugs
  3 ball pythons
  2 bats
  An endoplasm (D:1)
  2 giant cockroaches (D:1)
  2 goblins
  2 hobgoblins (D:1)
  3 jackals (D:1)
  2 quokkas (D:1)
  2 frilled lizards (D:1)
  3 rats (D:1)
24 creatures vanquished.

Notes
Turn   | Place    | Note
-------+----------+-------------------------------------------
     0 | D:1      | Descartes the Formicid Fighter began the quest for the Orb.
     0 | D:1      | Reached XP level 1. HP: 18/18 MP: 1/1
   270 | D:1      | Reached skill level 4 in Shields
   270 | D:1      | Reached XP level 2. HP: 22/24 MP: 2/2
   451 | D:1      | Reached skill level 1 in Translocations
   588 | D:1      | Reached XP level 3. HP: 23/29 MP: 3/3
   885 | D:1      | Found a faded altar of an unknown god.
  1031 | D:1      | Prayed at the altar of an unknown god.
  1031 | D:1      | Became a worshipper of Ashenzari the Shackled
  1162 | D:2      | Found a glowing silver altar of Zin.
  1235 | D:2      | HP: 1/29 [gnoll (3)]
  1306 | D:1      | HP: 1/29 [adder (4)]
  1309 | D:1      | Succumbed to an adder's poison

Illustrated notes

Levels and vault maps discovered:
D:1:      nicolae_arrival_memento_mori, layout_loops_corners,
          ebering_ecumenical_altar_webs, amcnicky_mini_pool_small,
          minmay_tromino_v7
D:2:      layout_loops_ring, basic_altar, serial_shops, nicolae_lakefront_shop

Skill      XL: |  1  2 |
---------------+-------+-----
Shields        | 4 |  4.5
Translocations | 1 |  1.5
Fighting       | |  3.2
Axes           | |  2.0
Armour         | |  3.2

Action                   || total
-------------------------++-------
Melee: War axe           ||    86
Armor: Chain mail        ||    49
       Scale mail        ||     4
Dodge: Dodged            ||    55
Block: Buckler           ||    28
